 Dungeon Crawl Stone Soup version 0.30-a0-6-g7c9e10e132 (webtiles) character file.

Game seed: 6427889435268728249

92812 nickcage the Fencer (level 15, -3/116 HPs)
             Began as a Minotaur Gladiator on Aug 22, 2022.
             Was the Champion of the Shining One.
             Slain by a starflower (5 damage)
             ... on level 3 of the Abyss.
             The game lasted 01:10:35 (23001 turns).

nickcage the Fencer (Minotaur Gladiator)           Turns: 23001, Time: 01:10:35

Health: -3/116     AC: 20    Str: 25    XL:     15   Next: 58%
Magic:  20/20      EV: 12    Int:  1    God:    the Shining One [******]
Gold:   1565       SH: 13    Dex: 13    Spells: 14/14 levels left

rFire   + . .      SeeInvis .    a - +4 long sword
rCold   + . .      Faith    .    x - +2 kite shield {rC+ rF+}
rNeg    + + +      Spirit   .    M - +0 plate armour
rPois   +          Reflect  .    c - +2 hat
rElec   .          Harm     .    Q - +1 cloak
rCorr   .          Rampage  .    w - +0 pair of gloves
Will    +....      Rage     9%   C - +0 pair of boots
Stlth   ..........               s - amulet of regeneration
HPRegen 1.09/turn                y - +4 ring of evasion
MPRegen 0.17/turn                X - ring of poison resistance

@: glowing
A: horns 2, retaliatory headbutt, [berserk 2], [deformed body], [dopey 2],
[frail 2], [subdued magic 3]
a: Renounce Religion, Divine Shield, Cleansing Flame, Summon Divine Warrior,
Brand Weapon With Holy Wrath


You were on level 3 of the Abyss.
You worshipped the Shining One.
The Shining One was exalted by your worship.
You visited 3 branches of the dungeon, and saw 21 of its levels.
You visited the Abyss 1 time.
You also visited: Ossuary.

You collected 1817 gold pieces.
You spent 252 gold pieces at shops.

Inventory:

Hand Weapons
 a - a +4 long sword (weapon)
 b - a +0 great sword of electrocution
 A - a +0 morningstar
Missiles
 d - 3 throwing nets
 q - 29 poisoned darts (quivered)
Armour
 c - a +2 hat (worn)
 w - a +0 pair of gloves (worn)
 x - a +2 kite shield of resistance (worn)
 C - a +0 pair of boots (worn)
 M - a +0 plate armour (worn)
 Q - a +1 cloak (worn)
Jewellery
 e - a ring of protection from cold
 g - a +4 ring of protection
 s - an amulet of regeneration (around neck)
 y - a +4 ring of evasion (left hand)
 B - a ring of fire
 F - a +4 ring of evasion
 X - a ring of poison resistance (right hand)
Wands
 h - a wand of mindburst (13)
 k - a wand of flame (41)
 o - a wand of light (5)
 G - a wand of charming (42)
 Z - a wand of iceblast (26)
Scrolls
 r - 2 scrolls of amnesia
 v - a scroll of poison
 D - 5 scrolls of blinking
 E - a scroll of enchant armour
 H - 10 scrolls of teleportation
 J - 9 scrolls of identify
 K - a scroll of fear
 V - 3 scrolls of magic mapping
Potions
 f - 2 potions of berserk rage
 i - 4 potions of might
 j - 2 potions of heal wounds
 m - 3 potions of brilliance
 n - a potion of cancellation
 p - 7 potions of curing
 u - 4 potions of ambrosia
 z - 3 potions of magic
 O - a potion of resistance
 P - 2 potions of haste
 T - 2 potions of invisibility
 W - 3 potions of flight
Miscellaneous
 l - a tin of tremorstones (2/2)
 t - a lightning rod (4/4)
 N - a phial of floods


   Skills:
 + Level 16.4 Fighting
 - Level 20.0 Long Blades
 - Level 2.0 Throwing
 - Level 16.3 Armour
 - Level 3.2 Dodging
 * Level 11.0 Shields
 - Level 8.0 Invocations


You had 14 spell levels left.
You didn't know any spells.
Your spell library contained the following spells:

 Spells                   Type           Power      Damage    Failure   Level
 Apportation              Tloc           0%         N/A       100%        1
 Freeze                   Ice            0%         1d3       100%        1
 Magic Dart               Conj           0%         1d3       100%        1
 Necrotise                Necr           0%         1d4       100%        1
 Summon Small Mammal      Summ           0%         N/A       100%        1
 Blink                    Tloc           0%         N/A       100%        2
 Call Imp                 Summ           0%         N/A       100%        2
 Sublimation of Blood     Necr           0%         N/A       100%        2
 Wereblood                Tmut           0%         N/A       100%        2
 Frozen Ramparts          Ice            0%         1d1       100%        3
 Gell's Gravitas          Tloc           0%         N/A       100%        3
 Inner Flame              Hex/Fire       0%         N/A       100%        3
 Lesser Beckoning         Tloc           0%         N/A       100%        3
 Mephitic Cloud           Conj/Pois/Air  0%         N/A       100%        3
 Teleport Other           Tloc           0%         N/A       100%        3
 Cause Fear               Hex            0%         N/A       100%        4
 Hailstorm                Conj/Ice       0%         3d3       100%        4
 Ice Form                 Ice/Tmut       0%         N/A       100%        4
 Sticky Flame             Conj/Fire      0%         2d3       100%        4
 Summon Ice Beast         Ice/Summ       0%         N/A       100%        4
 Alistair's Intoxication  Tmut/Pois      0%         N/A       100%        5
 Borgnjor's Vile Clutch   Necr/Erth      0%         N/A       100%        5
 Manifold Assault         Tloc           0%         N/A       100%        5
 Dispersal                Tloc           0%         N/A       100%        6
 Eringya's Noxious Bog    Tmut/Pois      0%         N/A       100%        6
 Summon Hydra             Summ           0%         N/A       100%        7
 Discord                  Hex            0%         N/A       100%        8
 Disjunction              Tloc           0%         N/A       100%        8


Dungeon Overview and Level Annotations

Branches:
Dungeon (15/15)            Temple (1/1) D:4            Lair (5/5) D:10
 Shoals (0/4) Lair:3        Snake (0/4) Lair:2        Slime (0/5) Lair:4
    Orc (0/2) D:9          Vaults (0/5) D:14        Ossuary (visited)
 Depths: D:15

Altars:
Ashenzari
Cheibriados
Dithmenos
Elyvilon
Fedhas
Gozag
Hepliaklqana
Kikubaaqudgha
Makhleb
Nemelex Xobeh
Okawaru
Qazlal
Ru
Sif Muna
Trog
Uskayaw
Vehumet
Wu Jian
Xom
Yredelemnul
Zin
The Shining One

Shops:
D:3 ?   D:7 (

Annotations:
D:7 1 runed translucent door, porpoise's ghost, novice HuCA
D:8 Pikel
D:15 3 runed translucent doors, mandarbmax's ghost, adept KoAM
Lair:3 exclusion: 4 oklob plants
Lair:4 3 runed translucent doors, Beilucy's ghost, journeyman FoFi


Innate Abilities, Weirdness & Mutations

You have a pair of horns on your head.
You reflexively headbutt those who attack you in melee.
[You have an uncontrollable temper.]
[Armour fits poorly on your strangely shaped body.]
[You are very dopey. (Int -4)]
[You are very frail. (-20% HP)]
[Your spells are much easier to cast, but much less powerful.]


Message History

The starflower tentacle-slaps you from afar.
A quasit comes into view.
You block the starflower's attack. The starflower misses you.
The culicivora barely misses you. You furiously retaliate!
You headbutt the culicivora! The starflower misses you.
The starflower tentacle-slaps you.
The starflower tentacle-slaps you but does no damage.
You hit the starflower. You headbutt the starflower!
The starflower is lightly damaged.
You block the culicivora's attack.
You slash the starflower!
You headbutt the starflower, but do no damage.
The starflower is moderately damaged.
The starflower tentacle-slaps you! Space warps horribly around you!!
* * * LOW HITPOINT WARNING * * *
The starflower tentacle-slaps you but does no damage.
You block the starflower's attack. You block the quasit's attack. x3
The culicivora bites you!!
* * * LOW HITPOINT WARNING * * *
You hit the starflower but do no damage.
You headbutt the starflower!
The starflower is moderately damaged.
You block the culicivora's attack.
The quasit bites you but does no damage.
The quasit claws you but does no damage.
You block the quasit's attack.
The starflower tentacle-slaps you but does no damage.
You block the starflower's attack. The starflower closely misses you.
You hit the starflower but do no damage.
You headbutt the starflower, but do no damage.
The starflower is moderately damaged.
You block the culicivora's attack. You block the quasit's attack.
The quasit misses you.
The quasit claws you but does no damage.
The starflower tentacle-slaps you!
* * * LOW HITPOINT WARNING * * *
Space warps around you.
* * * LOW HITPOINT WARNING * * *
The starflower tentacle-slaps you.
You die...

######## ###
#... ..##..##
###.##.#.#..#
.##......#
#..#...##...#
##
####..#@#..#
###..5sPX....#
..
#...#.#...## .
.####.#. ..
.#.. #..##.#.
.. ... #.#. #.
#.###. . #. .
# #. .. .


You could see a starflower, a large abomination, a culicivora and a quasit.

Vanquished Creatures
  A tentacled starspawn (Abyss:3)
  Kirke (D:15)
  An eidolon (Abyss:3)
  A vault guard (D:14)
  5 hydras
  A death knight (D:14)
  3 boulder beetles (D:14)
  5 centaur warriors
  2 ogre magi (D:15)
  2 tengu warriors
  A merfolk avatar (Lair:5)
  2 death yaks
  9 two-headed ogres
  2 thrashing horrors (Abyss:3)
  A wretched star (Abyss:3)
  3 skeletal warriors
  2 sea snakes (Lair:5)
  A harpy (Lair:5)
  2 orc knights
  A wizard (D:14)
  18 ugly things
  A deep elf pyromancer (D:15)
  5 cyclopes
  2 manticores
  2 wolf spiders (Lair:1)
  Maurice (D:8)
  20 elephants
  A worldbinder (Abyss:3)
  2 black mambas
  2 naga magi (D:15)
  A gargoyle (D:12)
  A torpor snail (Lair:5)
  An orange demon (Abyss:3)
  11 cane toads
  4 rime drakes
  3 kobold demonologists (D:12)
  7 komodo dragons
  5 yaktaurs (D:15)
  Maggie (D:7)
  2 unseen horrors
  A queen bee (Lair:3)
  2 wind drakes (Lair:5)
  3 meliai (D:14)
  6 trolls
  5 polar bears
  A hornet (Lair:5)
  24 blink frogs
  11 slime creatures
  3 snapping turtles (Lair:5)
  4 raiju (Abyss:3)
  2 vampires
  A shadow (D:10)
  7 wyverns
  5 wraiths
  55 yaks
  A yak (shapeshifter) (D:14)
  8 basilisks
  A neqoxec (Abyss:3)
  An unseen horror simulacrum (D:8)
  A hog (D:15)
  3 steam dragons
  3 vampire mosquitoes (D:13)
  4 swamp worms (Lair:3)
  A warg (D:14)
  A large abomination (Abyss:3)
  13 water moccasins
  An acid dragon (D:10)
  A sky beast (D:7)
  9 ice beasts
  11 orc warriors
  A boggart (shapeshifter) (D:13)
  7 ogres
  A boggart (D:14)
  4 black bears
  5 centaurs (D:12)
  17 wolves
  6 kobold brigands
  16 bullfrogs
  A necrophage (D:6)
  A gnoll sergeant (D:9)
  5 scorpions
  13 wights
  41 killer bees
  7 howler monkeys
  3 electric eels (D:8)
  4 hounds
  2 jellies
  8 orc priests
  An iron imp (Abyss:3)
  11 orc wizards
  An iguana (D:7)
  Natasha (thrice) (D:3)
  2 centaur simulacra (D:8)
  8 mummies (Ossuary)
  Robin (D:3)
  7 gnolls
  3 adders
  3 shadow imps
  6 white imps
  3 howler monkey simulacra (D:8)
  An ufetubus (D:8)
  2 worms
  2 dart slugs
  66 orcs
  6 bats
  13 endoplasms
  5 giant cockroaches
  17 goblins
  13 hobgoblins
  4 jackals (D:3)
  15 kobolds
  4 quokkas
  7 ball pythons
  5 frilled lizards
  A gnoll zombie (Ossuary)
  3 hobgoblin zombies (Ossuary)
  A kobold zombie (Ossuary)
  3 orc zombies (Ossuary)
  7 rats
691 creatures vanquished.

Vanquished Creatures (others)
  A demonic plant (Abyss:3)
  49 fungi
  74 plants
  4 starspawn tentacles (Abyss:3)
128 creatures vanquished.

Grand Total: 819 creatures vanquished

Notes
Turn   | Place    | Note
-------+----------+-------------------------------------------
     0 | D:1      | nickcage the Minotaur Gladiator began the quest for the
                  | Orb.
     0 | D:1      | Reached XP level 1. HP: 18/18 MP: 0/0
   260 | D:1      | Reached skill level 4 in Long Blades
   357 | D:1      | Reached XP level 2. HP: 25/25 MP: 1/1
   467 | D:1      | Found a faded altar of an unknown god.
   524 | D:1      | Reached skill level 5 in Long Blades
   689 | D:2      | Reached XP level 3. HP: 30/30 MP: 2/2
   832 | D:2      | Identified the +8 sling "Aproamuv" {speed, Fragile Fly
                  | rPois Str+5}
  1431 | D:3      | Noticed an ogre
  1436 | D:3      | Killed an ogre
  1437 | D:3      | Reached skill level 7 in Long Blades
  1437 | D:3      | Reached XP level 4. HP: 20/37 MP: 3/3
  1437 | D:3      | Reached XP level 5. HP: 23/42 MP: 4/4
  1543 | D:3      | Noticed Robin
  1543 | D:3      | Noticed Natasha
  1556 | D:3      | Killed Robin
  1561 | D:3      | Killed Natasha
  1641 | D:3      | Noticed Natasha
  1653 | D:3      | Killed Natasha
  1654 | D:3      | Reached skill level 8 in Long Blades
  1676 | D:3      | Found Koxanwok's Magic Scroll Boutique.
  1680 | D:3      | Reached XP level 6. HP: 50/50 MP: 5/5
  1689 | D:3      | Bought a scroll of enchant weapon for 90 gold pieces
  1689 | D:3      | Bought a scroll of identify for 24 gold pieces
  1803 | D:3      | Noticed Natasha
  1806 | D:3      | Killed Natasha
  2071 | D:3      | Found a white marble altar of Elyvilon.
  2301 | D:4      | Found a staircase to the Ecumenical Temple.
  2332 | Temple   | Entered the Ecumenical Temple
  2626 | Temple   | Became a worshipper of the Shining One
  2797 | D:4      | Reached skill level 9 in Long Blades
  3027 | D:5      | Entered Level 5 of the Dungeon
  3043 | D:5      | Reached XP level 7. HP: 56/56 MP: 6/6
  3082 | D:5      | Reached skill level 10 in Long Blades
  3128 | D:5      | Reached skill level 11 in Long Blades
  3135 | D:5      | Reached * piety under the Shining One
  3267 | D:5      | Reached XP level 8. HP: 50/62 MP: 7/7
  3293 | D:5      | Reached skill level 12 in Long Blades
  3673 | D:3      | Bought a scroll of fear for 48 gold pieces
  3673 | D:3      | Bought a scroll of blinking for 90 gold pieces
  4089 | D:5      | Reached skill level 13 in Long Blades
  4388 | D:6      | Found a sand-covered staircase.
  4393 | Ossuary  | Entered an ossuary
  4404 | Ossuary  | Reached ** piety under the Shining One
  4422 | Ossuary  | Reached skill level 14 in Long Blades
  4624 | D:6      | You fall into a shaft and drop 2 floors!
  4707 | D:6      | Identified the +8 quarterstaff of Terror {freeze, *Noise
                  | rPois rCorr Str+4}
  4715 | D:6      | Reached *** piety under the Shining One
  4820 | D:6      | Found a snail-covered altar of Cheibriados.
  4961 | D:6      | Reached XP level 9. HP: 67/68 MP: 8/8
  5217 | D:7      | Found a runed translucent door.
  5298 | D:7      | Reached skill level 15 in Long Blades
  5380 | D:7      | Found Wutacemi's Firing Range.
  5520 | D:7      | Noticed Maggie
  5538 | D:7      | Killed Maggie
  5539 | D:7      | Reached skill level 16 in Long Blades
  5694 | D:7      | Noticed porpoise's ghost (novice HuCA)
  6157 | D:8      | Noticed a centaur warrior
  6339 | D:8      | Reached skill level 17 in Long Blades
  6359 | D:8      | Reached XP level 10. HP: 11/74 MP: 9/9
  6666 | D:8      | Reached **** piety under the Shining One
  6697 | D:8      | Identified the +6 trident of Weiwn {flame, *Corrode rC+
                  | Will+ Str+2 Int+4}
  6735 | D:8      | Noticed Maurice
  6756 | D:8      | Killed Maurice
  6820 | D:8      | Reached skill level 18 in Long Blades
  6863 | D:8      | Noticed Pikel
  6933 | D:8      | Reached skill level 1 in Armour
  6960 | D:8      | HP: 3/77 [yak (9)]
  7625 | D:8      | Reached skill level 5 in Fighting
  7814 | D:9      | Reached skill level 5 in Armour
  7861 | D:9      | Found a burning altar of Makhleb.
  7961 | D:9      | Reached XP level 11. HP: 88/90 MP: 10/10
  8266 | D:9      | Reached ***** piety under the Shining One
  8286 | D:9      | Found a staircase to the Orcish Mines.
  8590 | D:9      | Found the +4 dagger "Morg" {pain, Will+ Int+5}
  8717 | D:10     | Entered Level 10 of the Dungeon
  8717 | D:10     | Noticed a two-headed ogre
  8783 | D:10     | Noticed a two-headed ogre
  8798 | D:10     | Killed a two-headed ogre
  8900 | D:10     | Noticed a centaur warrior
  8912 | D:10     | Killed a centaur warrior
  8913 | D:10     | Reached skill level 1 in Invocations
  9073 | D:10     | Killed a two-headed ogre
  9309 | D:10     | Noticed a death yak
  9313 | D:10     | Found a staircase to the Lair.
  9328 | D:10     | Killed a death yak
  9637 | Lair:1   | Entered Level 1 of the Lair of Beasts
  9663 | Lair:1   | Reached skill level 10 in Armour
 10034 | Lair:1   | Noticed a wolf spider
 10034 | Lair:1   | Noticed a wolf spider
 10049 | Lair:1   | Killed a wolf spider
 10050 | Lair:1   | Reached XP level 12. HP: 64/105 MP: 13/13
 10465 | Lair:2   | Found a staircase to the Snake Pit.
 10880 | Lair:2   | Reached skill level 10 in Fighting
 11489 | Lair:3   | Found a staircase to the Shoals.
 11942 | Lair:3   | Reached skill level 5 in Invocations
 11977 | Lair:3   | Reached skill level 19 in Long Blades
 12211 | Lair:3   | Identified the +0 ring mail of Fae Birdsong {SInv}
 12445 | Lair:3   | Identified the +2 robe of Moguloy {rF- Regen+ Int+3 Dex+4}
 12663 | Lair:3   | Reached XP level 13. HP: 67/116 MP: 16/16
 13406 | Lair:3   | Found the +10 dark maul {vorpal}
 14115 | Lair:4   | Found a runed translucent gate.
 14115 | Lair:4   | Found a runed translucent gate.
 14116 | Lair:4   | Found a runed translucent gate.
 14118 | Lair:4   | Noticed Beilucy's ghost (journeyman FoFi)
 14118 | Lair:4   | Reached ****** piety under the Shining One
 14146 | Lair:4   | Found a staircase to the Slime Pits.
 14567 | Lair:5   | Entered Level 5 of the Lair of Beasts
 15654 | Lair:5   | Reached XP level 14. HP: 122/129 MP: 18/18
 15870 | Lair:5   | Reached skill level 20 in Long Blades
 16014 | Lair:5   | Got Giluac's Volume of the Dynamic Black Widow
 16740 | D:11     | Identified the +5 sling "Oshadil" {speed, Will- rCorr
                  | Dex+2}
 17372 | D:12     | Reached skill level 15 in Armour
 18427 | D:13     | Identified the +6 sling "Giybup" {flame, rC+}
 18480 | D:13     | Reached skill level 1 in Shields
 19534 | D:14     | Identified the +1 chain mail of Puckish Creativity {rCorr}
 19611 | D:14     | Reached skill level 15 in Fighting
 20159 | D:14     | Reached skill level 5 in Shields
 20624 | D:14     | Found an iron altar of Okawaru.
 20644 | D:14     | Reached XP level 15. HP: 97/141 MP: 20/20
 20702 | D:14     | Found a hide-covered altar of Uskayaw.
 20786 | D:14     | Found a gate to the Vaults.
 21036 | D:15     | Entered Level 15 of the Dungeon
 21051 | D:15     | Found a runed translucent gate.
 21051 | D:15     | Found a runed translucent gate.
 21051 | D:15     | Found a runed translucent gate.
 21289 | D:15     | Noticed mandarbmax's ghost (adept KoAM)
 21522 | D:15     | Noticed Kirke
 21534 | D:15     | Noticed a sphinx
 21537 | D:15     | Killed Kirke
 22629 | D:15     | Reached skill level 10 in Shields
 22653 | Abyss:3  | Cast into level 3 of the Abyss (a wizard)
 22722 | Abyss:3  | Noticed an Executioner
 22742 | Abyss:3  | HP: 2/144 [cyan very ugly thing (20)]
 22911 | Abyss:3  | Noticed a tentacled starspawn
 22928 | Abyss:3  | Killed a tentacled starspawn
 23001 | Abyss:3  | HP: 4/116 [starflower (10)]
 23001 | Abyss:3  | Slain by a starflower

Illustrated notes

Levels and vault maps discovered:
D:1:      evilmike_arrival_fibonacci_small, layout_rooms,
          hellmonk_ecumenical_altar_leap_of_faith, grunt_decor_junction,
          amcnicky_mini_pool_small
D:2:      layout_loops_ring, minmay_between
D:3:      layout_loops_ring, nicolae_elyvilon_temple_path, serial_shops, shop,
          uniq_robin, uniq_natasha
D:4:      layout_rooms, minmay_temple_entry_offerings
D:5:      layout_loops_corners, serial_bayou, serial_bayou_lagoon_a,
          serial_bayou_shore_b, serial_bayou_lake_a, serial_bayou_pond_b
D:6:      layout_loops_cross, cheibrodos_worm_habitat, enter_ossuary_3,
          kennysheep_generic_room_12
D:7:      layout_loops_ring, hellmonk_ghost_happy_afterlife,
          grunt_ministairs_12, nicolae_shop_firing_range, uniq_maggie
D:8:      kennysheep_six_static_rooms, layout_cave_pools, serial_ice,
          serial_ice_i, serial_ice_h, serial_ice_a, serial_ice_n, serial_ice_m,
          serial_ice_g, special_room [special_room_orc], kennysheep_island_fort,
          uniq_pikel, uniq_maurice
D:9:      layout_loops_ring, mainiacjoe_overflow_six_doors_small, david_orc_5,
          st_stairs_2, chequers_avenue
D:10:     layout_cave_pools, david_lair_generic, lightli_fourway_metalbox
D:11:     layout_irregular_city
D:12:     layout_rooms, columned_hall_lemuel
D:13:     layout_stronghold, grunt_decor_fettered
D:14:     layout_loops_ring, david_vaults_5, lemuel_coloured_pillars_altar,
          kennysheep_okawaru_gauntlet
D:15:     grunt_enter_depths_magical_seal, layout_gridville,
          chequers_serial_rivers_large_a, gammafunk_ghost_spectres, uniq_kirke
Temple:   compressed_dpeg_triangle_lava_temple
Lair:1:   layout_chaotic_city, nicolae_lair_run_with_the_wolves
Lair:2:   layout_small_grid, dummy_snake_entry, st_stairs_5,
          serial_bayou_shore_b
Lair:3:   hangedman_what_comes_after_a, layout_layer_cave, shoals_dummy_entry,
          worms_lemuel, lemuel_fruit_tree
Lair:4:   layout_loops_ring, nicolae_slime_entry_slimehenge,
          gammafunk_ghost_necromancy, nicolae_quartered_pool_impasse
Lair:5:   gammafunk_lair_ancient_temple, layout_cave_pods
Abyss:3:  base: D:2, gammafunk_corrupted_shrine, spicy_abyss_unhelpful_harpoons,
          hangedman_abyss_or_decor_stabs, evilmike_abyss_exit_kraken,
          evilmike_abyss_exit_11, spicy_abyss_helpful_harpoons,
          nicolae_abyss_rune_star_stuff

Skill      XL: |  1  2  3  4  5  6  7  8  9 10 11 12 13 14 15 |
---------------+----------------------------------------------+-----
Long Blades    | 4 5 7 8 9 11 14 17 18 19 20 | 20.0
Armour         | 6 10 12 14 16 | 16.3
Fighting       | 6 9 11 13 15 16 | 16.4
Invocations    | 3 5 7 8 |  8.0
Shields        | 6 11 | 11.0
Throwing       | |  2.0
Dodging        | |  3.2

Action                   |  1- 3 |  4- 6 |  7- 9 | 10-12 | 13-15 || total
-------------------------+-------+-------+-------+-------+-------++-------
Melee: Long sword        |   101 |   125 |   306 |   881 |  1547 ||  2960
       Headbutt          |     9 |    18 |    77 |   264 |   560 ||   928
       Punch             |     1 |     1 |     5 |    17 |    15 ||    39
       Morningstar       |       |       |       |       |    24 ||    24
Throw: Dart              |     3 |       |     1 |    20 |    19 ||    43
Invok: Divine Shield     |       |       |       |     1 |     2 ||     3
Evoke: Wand              |       |       |       |       |     2 ||     2
  Use: Scroll            |       |    18 |     1 |    11 |     9 ||    39
       Potion            |       |       |       |     1 |     6 ||     7
Armor: Ring mail         |    39 |    19 |     9 |       |       ||    67
       Plate armour      |       |       |    61 |   422 |   974 ||  1457
       Chain mail        |       |       |     7 |       |       ||     7
       Skin              |       |       |     4 |       |       ||     4
Dodge: Dodged            |    68 |    76 |   158 |   475 |   835 ||  1612
Block: Other             |       |       |       |     9 |       ||     9
       Kite shield       |       |       |       |       |   380 ||   380
       Buckler           |       |       |       |       |    18 ||    18

Table legend: (Time is in decaauts)
 A = Elapsed time spent in this place.
 B = Non-inter-level travel time spent in this place.
 C = Inter-level travel time spent in this place.
 D = Time resting spent in this place.
 E = Time spent auto-exploring this place.
 F = Levels seen in this place.
 G = Mean time per level.
                   A        B        C        D        E       F      G
               +--------+--------+--------+--------+--------+-----+--------+
         Total |  22484 |  21446 |   1038 |   3253 |  13016 |  23 |  977.6 |
       Dungeon |  14529 |  13948 |    581 |   2167 |   8569 |  15 |  968.6 |
        Temple |    409 |    409 |      0 |    100 |    266 |   1 |  409.0 |
          Lair |   7003 |   6546 |    457 |    851 |   4080 |   5 | 1400.6 |
         Abyss |    339 |    339 |      0 |    134 |      0 |   1 |  339.0 |
       Ossuary |    201 |    201 |      0 |      0 |    101 |   1 |  201.0 |
               +--------+--------+--------+--------+--------+-----+--------+

Top non-repeatable levels by time:
    D:14: 2101 daAuts
  Lair:3: 1986 daAuts
  Lair:5: 1924 daAuts
     D:8: 1652 daAuts
  Lair:2: 1298 daAuts
     D:5: 1181 daAuts
    D:15: 1116 daAuts
    D:13: 999 daAuts
     D:9: 972 daAuts
  Lair:4: 897 daAuts
  Lair:1: 897 daAuts
     D:7: 882 daAuts
    D:10: 864 daAuts
     D:3: 840 daAuts
    D:11: 820 daAuts
